 Dungeon Crawl Stone Soup version 0.31-a0-177-g4aa6249778 (webtiles) character file.

Game seed: 11945488913781340545

653473 Zonian the Warrior (level 27, -16/216 HPs)
             Began as a Vine Stalker Gladiator on June 18, 2023.
             Was a High Priest of Ashenzari.
             Demolished by Hygrotik the pandemonium lord (28 damage)
             ... on level 7 of a ziggurat.
             The game lasted 04:00:17 (74717 turns).

Zonian the Warrior (Vine Stalker Gladiator)        Turns: 74717, Time: 04:00:17

Health: -16/216    AC: 17    Str: 29 (33) XL:     27
Magic:  0/55       EV: 17    Int:  5 (8)  God:    Ashenzari [*****.]
Gold:   4118       SH: 17    Dex: 19 (20) Spells: 40/62 levels left

rFire   + +          .
                       - Unarmed
rCold   . . .        B - +3 kite shield "Secrets of Ashenzari" {reflect, Evo, Comp} (curse)
rNeg    . . .        N - +10 plate armour "Prophetic Fetters" {Contam rF+ Str+3, Evo, Bglg} (curse)
rPois   +            m - +2 helmet "Per Aspera Ad Scientiam" {Cun, Melee} (curse)
rElec   +            a - +2 cloak of the Celestial Urgency {Bglg, Self} (curse)
rCorr   +            Y - +2 pair of gloves of Ashenzari's Fetters {Dex+3, Evo, Cun} (curse)
SInv    +            r - +1 pair of boots of Ashenzari's Chagrin {rampage, Bglg, Melee} (curse)
Will    +++++        I - amulet of Ashenzari's Prison {RegenMP, Fort, Bglg} (curse) Stlth
                     n - ring of Ashenzari's Regret {rElec rPois Will++ AC+4 Int-3, Evo, Melee} (curse)
HPRegen 1.36/turn    q - ring of the Sublime Seer {rCorr MP+9 Str+6 Int+4 Dex-5, Fort, Melee} (curse)
MPRegen 0.74/turn

%: reflection, clarity, guardian spirit, rampage
@: mighty, berserking (expiring), corroded, very quick
A: fangs 3, regeneration 1, magic shield, antimagic bite, no potion heal 2,
hooves 1, agile 1, clarity, deterioration 1, dopey 2, fire resistance 1, frail 1
}: 4/15 runes: barnacled, slimy, silver, gossamer
a: Renounce Religion, Curse Item, Shatter the Chains


You were on level 7 of a ziggurat.
You worshipped Ashenzari.
Ashenzari was extremely pleased with you.
You visited 13 branches of the dungeon, and saw 56 of its levels.
You visited 1 ziggurat, and saw 7 of its levels.
You also visited: Trove.

You collected 9265 gold pieces.
You spent 5147 gold pieces at shops.

Inventory:

Missiles
 c - 2 throwing nets
 d - 11 curare-tipped darts
 k - 14 silver javelins
 A - 38 boomerangs (quivered)
 C - 31 javelins
Armour
 a - the cursed +2 cloak of the Celestial Urgency (worn) {Bglg, Self}
   (You took it off a draconian monk on level 1 of the Realm of Zot)

   It has a curse which improves the following skills: Beguiling: Conjurations,
   Hexes and Translocations.
   Introspection: Fighting and Spellcasting.
 m - the cursed +2 helmet "Per Aspera Ad Scientiam" (worn) {Cun, Melee}
   (You found it on level 15 of the Dungeon)

   It has a curse which improves the following skills: Cunning: Dodging and
   Stealth.
   Melee Combat: Short Blades, Long Blades, Axes, Maces & Flails, Polearms,
   Staves and Unarmed Combat.
 r - the cursed +1 pair of boots of Ashenzari's Chagrin (worn) {rampage, Bglg, Melee}
   (You found it on level 4 of the Spider Nest)

   It has a curse which improves the following skills: Beguiling: Conjurations,
   Hexes and Translocations.
   Melee Combat: Short Blades, Long Blades, Axes, Maces & Flails, Polearms,
   Staves and Unarmed Combat.
 B - the cursed +3 kite shield "Secrets of Ashenzari" (worn) {reflect, Evo, Comp}
   (You took it off Donald on level 1 of the Spider Nest)

   It has a curse which improves the following skills: Evocations: Evocations.
   Companions: Summonings and Necromancy.
 N - the cursed +10 plate armour "Prophetic Fetters" (worn) {Contam rF+ Str+3, Evo, Bglg}
   (You found it on level 5 of the Lair of Beasts)

   Str:       It affects your strength (+3).
   rF:        It protects you from fire.
   Contam:    It causes magical contamination when unequipped.
   It has a curse which improves the following skills: Evocations: Evocations.
   Beguiling: Conjurations, Hexes and Translocations.
 Y - the cursed +2 pair of gloves of Ashenzari's Fetters (worn) {Dex+3, Evo, Cun}
   (You bought it in a shop on level 1 of the Orcish Mines)

   It has a curse which improves the following skills: Evocations: Evocations.
   Cunning:   Dodging and Stealth.
Jewellery
 f - a ring of protection from fire
 n - the cursed ring of Ashenzari's Regret (left hand) {rElec rPois Will++ AC+4 Int-3, Evo, Melee}
   (You found it on level 15 of the Dungeon)

   [ring of protection]

   AC:        It affects your AC (+4).
   Int:       It affects your intelligence (-3).
   rElec:     It insulates you from electricity.
   rPois:     It protects you from poison.
   Will:      It greatly increases your willpower.
   It has a curse which improves the following skills: Evocations: Evocations.
   Melee Combat: Short Blades, Long Blades, Axes, Maces & Flails, Polearms,
   Staves and Unarmed Combat.
 q - the cursed ring of the Sublime Seer (right hand) {rCorr MP+9 Str+6 Int+4 Dex-5, Fort, Melee}
   (You found it in a treasure trove)

   [ring of strength]

   Str:       It affects your strength (+6).
   Int:       It affects your intelligence (+4).
   Dex:       It affects your dexterity (-5).
   MP:        It affects your magic capacity (+9).
   rCorr:     It protects you from acid and corrosion.
   It has a curse which improves the following skills: Fortitude: Armour and
   Shields.
   Melee Combat: Short Blades, Long Blades, Axes, Maces & Flails, Polearms,
   Staves and Unarmed Combat.
 I - the cursed amulet of Ashenzari's Prison (around neck) {RegenMP, Fort, Bglg}
   (You found it on level 8 of the Dungeon)

   [amulet of magic regeneration]

   It increases your rate of magic regeneration.
   It has a curse which improves the following skills: Fortitude: Armour and
   Shields.
   Beguiling: Conjurations, Hexes and Translocations.
Wands
 b - a wand of quicksilver (24)
 u - a wand of iceblast (29)
 z - a wand of charming (82)
 D - a wand of digging (30)
 X - a wand of mindburst (44)
 Z - a wand of flame (71)
Scrolls
 e - a scroll of enchant weapon
 g - 20 scrolls of teleportation
 h - 13 scrolls of fog
 l - 2 scrolls of silence
 s - 6 scrolls of blinking
 x - 6 scrolls of revelation
 y - 2 scrolls of enchant armour
 F - 7 scrolls of fear
 G - 4 scrolls of butterflies
 L - 4 scrolls of poison
Potions
 i - 4 potions of magic
 j - 11 potions of ambrosia
 o - 19 potions of curing
 p - 3 potions of might
 t - 5 potions of enlightenment
 O - 7 potions of haste
 P - 6 potions of invisibility
 R - a potion of cancellation
 S - a potion of resistance
 V - 9 potions of brilliance
 W - 3 potions of berserk rage
Miscellaneous
 H - a tin of tremorstones (1/2)
 K - a phantom mirror
 Q - a lightning rod (4/4)
 U - a box of beasts


   Skills:
 - Level 19.9(21.8) Fighting
 - Level 16.0 Throwing
 - Level 12.9(16.0) Armour
 - Level 13.2(16.3) Dodging
 - Level 11.8(14.9) Stealth
 - Level 10.8(14.0) Shields
 - Level 19.6(24.3) Unarmed Combat
 - Level 15.9(18.0) Spellcasting
 + Level 12.8(17.8) Conjurations
 - Level 13.8(18.8) Translocations
 - Level 19.0 Air Magic
 - Level 11.0(16.0) Evocations


You had 40 spell levels left.
You knew the following spells:

 Your Spells              Type           Power      Damage    Failure   Level
a - Blink                 Tloc           46%        N/A       1%          2
b - Iskenderun's Mystic   Conj/Tloc      22%        2d6       1%          4
c - Manifold Assault      Tloc           23%        N/A       1%          4
d - Swiftness             Air            23%        N/A       1%          3
e - Arcjolt               Conj/Air       11%        1d21      1%          5
f - Airstrike             Air            11%        2d(2-18)  1%          4

Your spell library contained the following spells:

 Spells                   Type           Power      Damage    Failure   Level
 Apportation              Tloc           46%        N/A       1%          1
 Magic Dart               Conj           88%        1d7       1%          1
 Shock                    Conj/Air       88%        1d8       1%          1
 Lesser Beckoning         Tloc           46%        N/A       1%          2
 Momentum Strike          Conj/Tloc      44%        3d9       1%          2
 Poisonous Vapours        Pois/Air       28%        N/A       1%          2
 Searing Ray              Conj           44%        2d6       1%          2
 Static Discharge         Conj/Air       44%        2-4/arc   1%          2
 Gell's Gravitas          Tloc           23%        N/A       1%          3
 Mephitic Cloud           Conj/Pois/Air  16%        N/A       1%          3
 Teleport Other           Tloc           23%        N/A       1%          3
 Vhi's Electric Charge    Tloc/Air       46%        N/A       1%          3
 Passage of Golubria      Tloc           23%        N/A       1%          4
 Iskenderun's Battlesphe  Conj           22%        2d8       1%          5
 Portal Projectile        Hex/Tloc       28%        N/A       3%          3
 Dazzling Flash           Conj/Hex       26%        N/A       4%          3
 Volatile Blastmotes      Fire/Tloc      26%        2d12      4%          3
 Dispersal                Tloc           11%        N/A       4%          6
 Hailstorm                Conj/Ice       13%        3d5       5%          3
 Stone Arrow              Conj/Erth      26%        3d8       5%          3
 Conjure Ball Lightning   Conj/Air       11%        3x3d6     5%          6
 Cigotuvi's Dreadful Rot  Necr/Pois/Air  20%        N/A       7%          2
 Freezing Cloud           Conj/Ice/Air   8%         6-21      12%         5
 Summon Lightning Spire   Summ/Air       14%        N/A       13%         4
 Fulminant Prism          Conj/Hex       6%         3d6       14%         4
 Flame Wave               Conj/Fire      13%        2d6       17%         4
 Sticky Flame             Conj/Fire      13%        2d4       17%         4
 Silence                  Hex/Air        7%         N/A       32%         5
 Summon Forest            Summ/Tloc      7%         N/A       36%         5
 Orb of Destruction       Conj           11%        9d6       36%         7
 Fireball                 Conj/Fire      6%         3d5       43%         5
 Irradiate                Conj/Tmut      6%         3d13      43%         5
 Slow                     Hex            20%        N/A       45%         1
 Necrotise                Necr           16%        1d4       52%         1
 Summon Small Mammal      Summ           16%        N/A       52%         1
 Beastly Appendage        Tmut           8%         N/A       54%         1
 Freeze                   Ice            16%        1d4       54%         1
 Sandblast                Erth           8%         2d5       54%         1
 Ensorcelled Hibernation  Hex/Ice        8%         N/A       65%         2
 Sublimation of Blood     Necr           4%         N/A       65%         2
 Passwall                 Tmut/Erth      3%         N/A       69%         2
 Scorch                   Fire           8%         2d5       69%         2
 Wereblood                Tmut           4%         N/A       69%         2
 Confusing Touch          Hex            5%         N/A       83%         3
 Tukima's Dance           Hex            5%         N/A       83%         3
 Summon Guardian Golem    Hex/Summ       5%         N/A       85%         3
 Inner Flame              Hex/Fire       4%         N/A       86%         3
 Vampiric Draining        Necr           4%         2d6       87%         3
 Maxwell's Capacitive Co  Air            11%        ∞         87%         8
 Disjunction              Tloc           11%        N/A       88%         8
 Frozen Ramparts          Ice            8%         1d2       89%         3
 Ignite Poison            Fire/Tmut/Pois 4%         N/A       89%         3
 Spider Form              Tmut/Pois      4%         N/A       89%         3
 Plasma Beam              Fire/Air       7%         2x1d17    90%         6
 Leda's Unmaking          Conj/Erth      6%         9d2       95%         6
 Starburst                Conj/Fire      6%         6d4       95%         6
 Anguish                  Hex/Necr       2%         N/A       99%         4
 Animate Armour           Summ/Erth      8%         N/A       99%         4
 Animate Dead             Necr           4%         N/A       99%         4
 Cause Fear               Hex            2%         N/A       99%         4
 Summon Ice Beast         Ice/Summ       4%         N/A       99%         4
 Ice Form                 Ice/Tmut       4%         N/A       100%        4
 Olgreb's Toxic Radiance  Pois           4%         N/A       100%        4
 Petrify                  Tmut/Erth      4%         N/A       100%        4
 Blade Hands              Tmut           2%         N/A       100%        5
 Borgnjor's Vile Clutch   Necr/Erth      2%         N/A       100%        5
 Summon Mana Viper        Hex/Summ       5%         N/A       100%        5
 Yara's Violent Unravell  Hex/Tmut       2%         3d3       100%        5
 Death Channel            Necr           2%         N/A       100%        6
 Simulacrum               Ice/Necr       2%         N/A       100%        6
 Statue Form              Tmut/Erth      2%         N/A       100%        6
 Summon Cactus Giant      Summ           2%         N/A       100%        6
 Dragon Form              Tmut           2%         N/A       100%        7
 Enfeeble                 Hex            2%         N/A       100%        7
 Monstrous Menagerie      Summ           2%         N/A       100%        7
 Spellforged Servitor     Conj/Summ      6%         N/A       100%        7
 Storm Form               Tmut/Air       7%         N/A       100%        7
 Discord                  Hex            2%         N/A       100%        8
 Ignition                 Fire           2%         3d3       100%        8
 Lehudib's Crystal Spear  Conj/Erth      6%         10d3      100%        8
 Dragon's Call            Summ           2%         N/A       100%        9


Dungeon Overview and Level Annotations

Branches:
Dungeon (15/15)            Temple (1/1) D:5            Lair (5/5) D:9
 Shoals (4/4) Lair:2       Spider (4/4) Lair:3        Slime (5/5) Lair:5
    Orc (2/2) D:12            Elf (3/3) Orc:2        Vaults (5/5) D:13
  Crypt (3/3) Vaults:2       Tomb (0/3) Crypt:3      Depths (4/4) D:15
   Hell (visited)             Dis (0/7) Hell            Geh (0/7) Hell
    Coc (0/7) Hell            Tar (0/7) Hell            Zot (4/5) Depths:4

Altars:
Ashenzari
Dithmenos
Elyvilon
Fedhas
Gozag
Hepliaklqana
Kikubaaqudgha
Makhleb
Nemelex Xobeh
Okawaru
Qazlal
Ru
Sif Muna
Trog
Uskayaw
Vehumet
Wu Jian
Xom
Yredelemnul
Zin
The Shining One
Jiyva

Shops:
D:7 =?   Orc:1 [(::   Orc:2 !*(**   Shoals:1 ?   Shoals:2 !   Shoals:3 *
Vaults:4 *   Depths:4 :

Portals:
Hell: Depths:1 Depths:2 Depths:3 Depths:4
Abyss: Depths:1 Depths:2 Depths:3
Pandemonium: Depths:2 Depths:3

Annotations:
D:3 1 runed translucent door
D:8 2 transporters
D:15 2 transporters
Temple 2 transporters
Spider:1 2 transporters, Monkooky's ghost, journeyman KoDe
Elf:2 exclusion: 2 ice statues
Depths:2 2 transporters, Xutext's ghost, adept DsAK


Innate Abilities, Weirdness & Mutations

You have razor-sharp teeth.
Your natural rate of healing is unusually fast.
When hurt, damage is shared between your health and your magic reserves.
Your bite disrupts and absorbs the magic of your enemies.
Potions cannot restore your health.
You have large cloven feet.
You are agile. (Dex +4, Str/Int -1)
You possess an exceptional clarity of mind.
Your body sometimes deteriorates upon taking damage.
You are very dopey. (Int -4)
Your flesh is heat resistant. (rF+)
You are frail. (-10% HP)


Message History

You block Hygrotik's attack.
You block the purple very ugly thing's attack.
The azure jelly barely misses you. The azure jelly completely misses you.
The azure jelly closely misses you.
The azure jelly hits you but does no damage.
You completely miss Hygrotik. Your bite misses Hygrotik.
Hygrotik is severely wounded.
The chaos spawn completely misses you. Hygrotik hits you!!
* * * LOW HITPOINT WARNING * * *
Unknown command.
You hit Hygrotik. Your bite misses Hygrotik.
Hygrotik is severely wounded.
The Killer Klown blinks!
The dream sheep barely misses you.
You block the purple very ugly thing's attack.
Unknown command.
You pummel Hygrotik!! Your bite misses Hygrotik.
Hygrotik is severely wounded.
You block Hygrotik's attack.
The azure jelly hits you but does no damage. x3
You block the azure jelly's attack.
The Killer Klown blinks!
The chaos spawn barely misses you.
You completely miss Hygrotik. Your bite misses Hygrotik.
Hygrotik is severely wounded.
Hygrotik hits you.
* * * LOW HITPOINT WARNING * * *
Hygrotik corrodes you!
You completely miss Hygrotik. Your bite misses Hygrotik.
Hygrotik is severely wounded.
Your hearing returns.
The azure jelly hits you but does no damage.
You block the azure jelly's attack.
The azure jelly hits you but does no damage.
The azure jelly misses you. The dream sheep misses you.
The Killer Klown pies you viciously!
Your cursed +3 kite shield "Secrets of Ashenzari" {reflect, Evo, Comp} blocks the klown pie... and reflects it back!
The klown pie hits the chaos spawn!
Moon pie!
The chaos spawn evaporates and reforms as a rust devil!
You block the purple very ugly thing's attack.
Hygrotik hits you!!
You die...

▓▓▓▓▓▓▓▓▓▓▓
▓▓▓▓.........▓▓**
▓....p.........
▓..............
▓.............[ *
▓.....4§u.....|∩*
▓∩.....@&§....( *
▓......YJ.....[
▓.p...........( *
▓..............,*
▓..............,
▓▓▓▓.........▓▓**
▓▓▓▓▓▓▓▓▓▓▓


You could see Hygrotik, 2 Killer Klowns, a purple very ugly thing, an azure
jelly shaped shifter, a rust devil and a dream sheep shaped shifter.

Vanquished Creatures
  the Royal Jelly (Slime:5)
  Khufu (Crypt:3)
  A juggernaut (Depths:4)
  Boris (4 times) (Vaults:4 Depths:2 Depths:4 Crypt:1)
  Vv (Zot:2)
  Sojobo (Crypt:1)
  Margery (Vaults:3)
  Saint Roka (Crypt:1)
  5 Killer Klowns
  A curse toe (Zot:1)
  14 golden dragons
  The ghost of Yhaurph the Hoplite, an adept MiFi of Okawaru (Vaults:1)
  the Enchantress (Depths:1)
  Geryon (Hell)
  A profane servitor (Crypt:3)
  A bone dragon (Crypt:3)
  3 hellephants (Zot:1)
  Rupert (Lair:3)
  3 doom hounds (Hell)
  4 liches
  A walking crystal tome (Depths:4)
  13 tentacled monstrosities
  Asterion (Spider:3)
  2 deep elf master archers (Elf:3)
  A walking earthen tome (Depths:2)
  A walking frostbound tome (Depths:3)
  3 deep elf blademasters
  5 titans
  10 quicksilver dragons
  21 acid blobs
  A kraken (Shoals:4)
  4 ancient champions
  10 sphinxes
  7 death cobs
  Polyphemus (Shoals:2)
  10 storm dragons
  7 tengu reavers
  Kirke (D:14)
  Agnes (Elf:2)
  The ghost of SigmundSlayer the Frost Mage, an adept DgIE (Spider:4)
  3 revenants
  7 azure jellies
  9 shadow dragons
  4 draconian monks
  Donald (Spider:1)
  8 rockslimes
  2 iron dragons
  2 frost giants
  9 fire giants
  19 vault wardens
  A ghost moth (shapeshifter) (Vaults:5)
  A caustic shrike zombie (Crypt:3)
  5 emperor scorpions
  6 draconian scorchers
  Aizul (Vaults:1)
  7 draconian knights
  A frost giant (shapeshifter) (Zig:1)
  10 ghost moths
  4 deep elf sorcerers
  9 formless jellyfish
  13 draconian shifters
  3 draconian stormcallers
  10 ghouls
  7 spriggan defenders
  4 deep elf elementalists (Elf:3)
  2 broodmothers (Spider:3)
  21 ironbound preservers
  5 quicksilver oozes
  5 draconian annihilators
  5 orc warlords
  A cacodemon (Depths:4)
  8 very ugly things
  5 war gargoyles
  4 reapers (Hell)
  11 ironbound thunderhulks
  2 deep elf demonologists (Elf:3)
  A caustic shrike skeleton (Crypt:2)
  A juggernaut skeleton (Crypt:1)
  14 green draconians
  20 stone giants
  2 vampire knights
  6 deep elf annihilators
  5 black draconians
  14 red draconians
  5 dire elephants
  13 white draconians
  4 purple draconians
  5 yellow draconians
  3 spark wasps
  A lorocyproca (Depths:2)
  A minotaur (Vaults:1)
  A bunyip (shapeshifter) (Depths:4)
  2 iron golems (Depths:4)
  An eidolon (Crypt:2)
  4 merfolk javelineers
  2 mummy priests (Crypt:3)
  13 deep elf death magi
  An ettin (shapeshifter) (Vaults:5)
  13 ettins
  A green death (Hell)
  2 blizzard demons
  8 merfolk impalers
  13 jiangshi
  4 deep elf high priests (Elf:3)
  7 entropy weavers
  10 yaktaur captains
  12 great orbs of eyes
  45 vault guards
  Harold (D:11)
  9 ice dragons
  4 fire dragons
  A rakshasa (Depths:3)
  A peacekeeper (Vaults:4)
  2 salamander tyrants (Zig:6)
  5 spriggan air magi
  5 catoblepae
  A spriggan skeleton (Crypt:2)
  2 hell beasts
  5 hydras
  6 merfolk aquamancers
  2 hydras (shapeshifter)
  14 centaur warriors
  4 radroaches
  8 ironbound frosthearts
  3 merfolk avatars
  6 ogre magi
  An anaconda (Zig:6)
  6 two-headed ogres
  2 satyrs (Shoals:4)
  A radroach (shapeshifter) (Vaults:5)
  A naga warrior (Vaults:1)
  6 death knights
  Erica (D:8)
  15 boulder beetles
  An anaconda (shapeshifter) (Zot:1)
  2 death yaks (shapeshifter) (Zot:1)
  2 alligator snapping turtles
  13 death yaks
  3 deep troll earth magi
  21 dancing weapons
  2 spriggan berserkers (Depths:4)
  5 hell hogs
  9 demonic crawlers
  5 vampire magi
  5 tengu warriors
  A shock serpent (shapeshifter) (Vaults:4)
  4 orc high priests
  23 hell knights
  A shock serpent (Zig:6)
  Nergalle (D:11)
  15 deep elf knights
  A fire crab (shapeshifter) (D:15)
  9 sun demons
  6 skysharks
  2 soul eaters
  2 iron trolls
  A storm dragon zombie (Crypt:1)
  5 shadow wraiths (Crypt:3)
  3 sun moths
  Lodul (D:10)
  6 pharaoh ants
  A salamander mystic (Depths:3)
  31 skeletal warriors
  An orb spider (shapeshifter) (Zot:1)
  6 glowing orange brains
  A swamp dragon (shapeshifter) (Vaults:5)
  3 bog bodies
  12 orb spiders
  11 sea snakes
  9 wizards
  7 flayed ghosts
  60 deep trolls
  A bunyip skeleton (Crypt:1)
  14 deep elf archers
  21 ironbound convokers
  A spriggan simulacrum (Crypt:3)
  6 steelbarb worms
  A fenstrider witch simulacrum (Hell)
  19 lindwurms
  17 necromancers
  21 orc knights
  A shadow dragon zombie (Vaults:4)
  12 phantasmal warriors
  7 cyclopes
  2 stone giant zombies
  25 deep elf pyromancers
  A wolf spider (shapeshifter) (Vaults:1)
  11 harpies
  5 orc sorcerers (Orc:2)
  12 wolf spiders
  A will-o-the-wisp (Zig:2)
  22 ugly things
  3 salamanders (Depths:3)
  31 deep elf zephyrmancers
  2 shadow dragon skeletons (Hell)
  20 manticores
  30 moths of wrath
  17 fauns
  11 shining eyes
  6 eyes of devastation
  3 rust devils (Depths:4)
  2 dire elephant zombies
  A naga zombie (Hell)
  6 black mambas
  20 elephants
  17 merfolk sirens
  2 centaur zombies (D:15)
  A guardian serpent (shapeshifter) (Vaults:5)
  A moth of wrath (shapeshifter) (Depths:2)
  5 guardian serpents
  3 molten gargoyles (Hell)
  9 water nymphs
  3 torpor snails
  22 vault sentinels
  16 cane toads
  2 orange demons
  A naga mage (Zig:4)
  3 gargoyles
  A titan simulacrum (Hell)
  7 smoke demons
  A dire elephant skeleton (Crypt:1)
  A torpor snail (shapeshifter) (Elf:3)
  An alligator snapping turtle skeleton (Hell)
  An alligator snapping turtle zombie (Crypt:2)
  A cane toad (shapeshifter) (D:15)
  A pale draconian zombie (Crypt:1)
  4 centaur skeletons
  2 efreet (D:15)
  An unseen horror (D:10)
  5 rime drakes
  An unseen horror zombie (Crypt:1)
  4 hellions
  7 komodo dragons
  A sea snake zombie (Hell)
  A kobold demonologist (D:8)
  A tormentor (Depths:4)
  A steelbarb worm zombie (Crypt:1)
  28 yaktaurs
  A komodo dragon (shapeshifter) (D:15)
  3 tengu conjurers
  8 freezing wraiths
  A grey draconian skeleton (Crypt:2)
  7 guardian mummies (Crypt:3)
  A hydra zombie (Hell)
  6 meliai
  2 harpy zombies (Hell)
  A red devil (Hell)
  A queen bee (shapeshifter) (D:15)
  3 human skeletons
  6 trolls
  A death yak skeleton (Crypt:1)
  2 hydra skeletons (Hell)
  4 wind drakes
  A hellwing (Depths:2)
  17 hornets
  30 merfolk
  A polar bear (Lair:4)
  17 tarantellas
  A dream sheep (shapeshifter) (D:8)
  9 snapping turtles
  3 dream sheep (Shoals:4)
  The ghost of rinse the Cutter, an amateur KoMo (D:3)
  An alligator zombie (Hell)
  97 slime creatures
  10 blink frogs
  51 flying skulls
  A slime creature (shapeshifter) (Zot:1)
  5 air elementals
  5 shadows
  Sigmund (D:2)
  23 jumping spiders
  17 culicivoras
  2 centaur simulacra
  59 yaks
  2 vampires
  2 large abominations (Crypt:3)
  6 wraiths
  7 spriggans
  19 water elementals
  6 wyverns
  6 fire elementals
  An elf zombie (Vaults:1)
  A hog (D:14)
  25 golden eyes
  Grum (D:8)
  5 basilisks
  A chaos spawn (Zig:1)
  A neqoxec (Depths:2)
  6 vampire mosquitoes
  A redback (shapeshifter) (Zot:1)
  2 steam dragons
  A naga (Zig:6)
  10 wargs
  43 redbacks
  A human zombie (Vaults:3)
  A glowing shapeshifter zombie (Vaults:4)
  A hydra simulacrum (Hell)
  A water nymph zombie (Crypt:2)
  14 water moccasins
  5 floating eyes
  A cane toad skeleton (Crypt:2)
  A deep troll skeleton (Crypt:2)
  2 ice beasts (D:7)
  36 orc warriors
  A sky beast (D:8)
  A swamp drake (D:6)
  A black bear (Lair:1)
  An ice beast (shapeshifter) (Zot:1)
  An alligator simulacrum (Hell)
  12 centaurs
  5 boggarts (Vaults:2)
  25 ogres
  13 wolves
  2 phantoms
  8 kobold brigands
  A hog skeleton (Crypt:1)
  A komodo dragon skeleton (Crypt:1)
  13 necrophages
  12 gnoll sergeants
  A human simulacrum (Vaults:4)
  12 bullfrogs
  3 earth elementals (Elf:2)
  2 ogre simulacra
  5 scorpions
  10 wights
  A hornet simulacrum (D:15)
  A killer bee (Lair:3)
  2 small abominations (Crypt:3)
  14 howler monkeys
  A bullfrog zombie (Crypt:2)
  A jelly (D:5)
  13 hounds
  31 orc priests
  Crazy Yiuf (D:5)
  3 iguanas
  34 orc wizards
  An ogre skeleton (Crypt:2)
  A hound skeleton (Crypt:1)
  15 gnolls
  9 adders
  A white imp (D:7)
  A worm zombie (Crypt:2)
  5 worms
  2 dart slugs
  86 orcs
  8 endoplasms
  4 giant cockroaches
  6 hobgoblins
  17 kobolds
  3 quokkas
  16 ball pythons
  4 bats
  2 frilled lizards (D:1)
  9 goblins
  2 kobold skeletons
  6 rats
2545 creatures vanquished.

Vanquished Creatures (collateral kills)
  A war gargoyle (Vaults:4)
  A komodo dragon (Lair:4)
2 creatures vanquished.

Vanquished Creatures (others)
  A fire giant (Depths:2)
  A purple draconian (Zot:2)
  A merfolk impaler (Shoals:4)
  A centaur warrior (D:15)
  A steelbarb worm (Spider:2)
  A deep elf zephyrmancer (Elf:1)
  An ugly thing (Vaults:3)
  A hydra zombie (Hell)
  A merfolk (Shoals:4)
  A tarantella (Spider:4)
  A hog (D:14)
  An orc wizard (D:6)
  4 foxfires (Zig:2)
  16 tentacles
32 creatures vanquished.

Grand Total: 2579 creatures vanquished

Notes
Turn   | Place    | Note
-------+----------+-------------------------------------------
     0 | D:1      | Zonian the Vine Stalker Gladiator began the quest for the
                  | Orb.
     0 | D:1      | Reached XP level 1. HP: 11/11 MP: 2/2
    69 | D:1      | Reached XP level 2. HP: 15/15 MP: 3/3
   342 | D:1      | Reached XP level 3. HP: 16/19 MP: 4/4
  1000 | D:2      | Gained mutation: Your natural rate of healing is unusually
                  | fast. [Vine Stalker growth]
  1000 | D:2      | Reached XP level 4. HP: 23/23 MP: 5/5
  1029 | D:2      | Noticed Sigmund
  1040 | D:2      | Killed Sigmund
  1041 | D:2      | Reached XP level 5. HP: 29/29 MP: 4/6
  1044 | D:2      | Found a bloodstained altar of Trog.
  1223 | D:3      | Found a faded altar of an unknown god.
  1237 | D:3      | Reached skill level 5 in Unarmed Combat
  1237 | D:3      | Reached XP level 6. HP: 33/33 MP: 4/7
  1333 | D:3      | Found a runed translucent door.
  1334 | D:3      | Noticed rinse's ghost (amateur KoMo)
  1835 | D:3      | Found a runed translucent door.
  2045 | D:4      | Found a shimmering altar of Xom.
  2063 | D:4      | Found a bloodstained altar of Trog.
  2248 | D:4      | Reached XP level 7. HP: 10/38 MP: 8/8
  2507 | D:4      | Reached skill level 5 in Fighting
  2789 | D:5      | Entered Level 5 of the Dungeon
  2927 | D:5      | Found a runed translucent door.
  2928 | D:5      | Noticed Crazy Yiuf
  2979 | D:5      | Found a staircase to the Ecumenical Temple.
  2991 | D:5      | Gained mutation: You have razor-sharp teeth. [Vine Stalker
                  | growth]
  2991 | D:5      | Reached XP level 8. HP: 44/44 MP: 9/9
  2995 | Temple   | Entered the Ecumenical Temple
  2995 | Temple   | Found a transporter.
  2995 | Temple   | Found a transporter.
  2997 | Temple   | Found a transporter.
  2997 | Temple   | Found a transporter.
  3017 | Temple   | Became a worshipper of Ashenzari the Shackled
  3787 | D:5      | Killed Crazy Yiuf
  4190 | D:6      | Identified the +5 plate armour of the Elven Halls {rC+
                  | Int+3}
  4376 | D:6      | Reached XP level 9. HP: 40/50 MP: 7/10
  4578 | D:6      | Noticed a purple ugly thing
  4846 | D:6      | Identified the +0 buckler of Hiupt {Fly}
  4983 | D:6      | Noticed a cyclops
  5007 | D:6      | Reached skill level 10 in Unarmed Combat
  5143 | D:6      | Killed a purple ugly thing
  5144 | D:6      | Reached XP level 10. HP: 58/58 MP: 11/11
  5508 | D:6      | Found an iron altar of Okawaru.
  5633 | D:7      | Reached skill level 10 in Fighting
  5861 | D:7      | Reached * piety under Ashenzari
  5925 | D:7      | Found Daothug's Jewellery Emporium.
  6199 | D:7      | Reached ** piety under Ashenzari
  6580 | D:7      | Found Buirab's Magic Scroll Emporium.
  6588 | D:7      | Bought a scroll of fear for 48 gold pieces
  6869 | D:8      | Found a transporter.
  6891 | D:8      | Noticed Grum
  6905 | D:8      | Killed Grum
  7033 | D:8      | Noticed a kobold demonologist
  7038 | D:8      | Noticed a centaur warrior
  7044 | D:8      | Noticed a centaur warrior
  7065 | D:8      | Killed a centaur warrior
  7066 | D:8      | Reached XP level 11. HP: 55/64 MP: 12/12
  7233 | D:8      | Killed a centaur warrior
  7720 | D:8      | Noticed Erica
  7730 | D:8      | Killed Erica
  7856 | D:8      | Found a transporter.
  8111 | D:9      | Found a staircase to the Lair.
  8190 | D:9      | Reached *** piety under Ashenzari
  8214 | D:9      | Noticed a cyclops
  8220 | D:9      | Killed a cyclops
  8451 | D:9      | Reached skill level 1 in Stealth
  8586 | D:9      | Reached **** piety under Ashenzari
  8968 | Lair:1   | Entered Level 1 of the Lair of Beasts
  9293 | Lair:1   | Reached XP level 12. HP: 74/74 MP: 13/13
  9356 | Lair:1   | Identified a scroll of acquirement
  9377 | Lair:1   | Acquired a manual of Unarmed Combat
 10045 | Lair:2   | Reached skill level 5 in Stealth
 10571 | Lair:2   | Found a staircase to the Shoals.
 10917 | Lair:2   | Reached ***** piety under Ashenzari
 10974 | Lair:2   | Reached skill level 15 in Unarmed Combat
 11612 | Lair:3   | Reached XP level 13. HP: 56/81 MP: 14/14
 11646 | Lair:3   | Found a hole to the Spider Nest.
 12043 | Lair:3   | Noticed Rupert
 12975 | Lair:4   | Reached skill level 1 in Spellcasting
 13549 | Lair:5   | Entered Level 5 of the Lair of Beasts
 13569 | Lair:5   | Found a runed translucent door.
 13573 | Lair:5   | Noticed an acid blob
 13786 | Lair:5   | Reached XP level 14. HP: 88/88 MP: 21/21
 13837 | Lair:5   | Found a staircase to the Slime Pits.
 13837 | Lair:5   | Noticed an acid blob
 13910 | Lair:5   | Reached skill level 15 in Fighting
 13952 | Lair:5   | Identified the +10 plate armour "Ytaisu" {Contam rF+ Str+3}
 15605 | Lair:3   | Killed Rupert
 15885 | D:10     | Entered Level 10 of the Dungeon
 16233 | D:10     | Noticed Lodul
 16245 | D:10     | Killed Lodul
 16681 | D:11     | Noticed Harold
 16684 | D:11     | Killed Harold
 16760 | D:11     | Noticed Nergalle
 16765 | D:11     | Killed Nergalle
 17186 | D:12     | Reached XP level 15. HP: 95/95 MP: 22/22
 17225 | D:12     | Reached skill level 1 in Armour
 17382 | D:12     | Found a staircase to the Orcish Mines.
 18179 | D:13     | Found a gate to the Vaults.
 18688 | D:14     | Reached skill level 5 in Spellcasting
 19078 | D:14     | Noticed Kirke
 19093 | D:14     | Killed Kirke
 19312 | D:15     | Entered Level 15 of the Dungeon
 19355 | D:15     | Found an ornate altar of the Wu Jian Council.
 19401 | D:15     | Identified the ring of Divine Compulsion {rElec rPois
                  | Will++ AC+4 Int-3}
 19417 | D:15     | Reached skill level 1 in Shields
 19417 | D:15     | Reached skill level 1 in Evocations
 19419 | D:15     | Paralysed by a floating eye for 2 turns
 19425 | D:15     | Paralysed by a floating eye for 4 turns
 19449 | D:15     | Found a transporter.
 19658 | D:15     | Found an iron altar of Okawaru.
 19695 | D:15     | Identified the ring of Dishonour {*Slow rElec EV+5 Int+5}
 19788 | D:15     | Found a transporter.
 19841 | D:15     | Found a staircase to the Depths.
 19851 | D:15     | Reached XP level 16. HP: 98/101 MP: 28/28
 19875 | D:15     | Reached skill level 5 in Dodging
 19950 | D:15     | Acquired a manual of Dodging
 20534 | D:15     | Identified the ring of Joodec {rC+ EV+5 Int+3}
 20574 | D:15     | Found a shimmering altar of Xom.
 20606 | D:15     | Reached skill level 5 in Throwing
 20625 | D:15     | HP: 1/101 [centaur warrior/arrow (10)]
 21060 | Orc:1    | Entered Level 1 of the Orcish Mines
 21110 | Orc:1    | Found Biomm's Book Shoppe.
 21233 | Orc:1    | Found Rihouguv's Book Shoppe.
 21294 | Orc:2    | Entered Level 2 of the Orcish Mines
 21415 | Orc:2    | Found a staircase to the Elven Halls.
 21449 | Orc:2    | Reached skill level 5 in Evocations
 22611 | Orc:2    | Found Cepub's Assorted Antiques.
 22611 | Orc:2    | Found Uxofenib's Distillery.
 22612 | Orc:2    | Found Soelitir's Weapon Boutique.
 22612 | Orc:2    | Found Kemyna's Assorted Antiques.
 22656 | Orc:2    | Bought a potion of berserk rage for 180 gold pieces
 22656 | Orc:2    | Bought a ruby potion for 32 gold pieces
 22666 | Orc:2    | Bought a scroll of fear for 152 gold pieces
 22668 | Orc:2    | Bought a potion of haste for 160 gold pieces
 22668 | Orc:2    | Bought a potion of invisibility for 128 gold pieces
 22668 | Orc:2    | Bought a potion of curing for 48 gold pieces
 22769 | Orc:2    | Found Taotu's Gadget Gallery.
 22775 | Orc:2    | Bought a wand of iceblast (8) for 307 gold pieces
 22775 | Orc:2    | Bought a wand of iceblast (4) for 153 gold pieces
 22785 | Orc:2    | Bought a phantom mirror for 640 gold pieces
 22785 | Orc:2    | Bought a lightning rod (4/4) for 480 gold pieces
 23536 | Orc:1    | Found Caymant's Armour Boutique.
 23554 | Orc:1    | Bought a +2 pair of gloves of dexterity for 322 gold pieces
 23590 | Orc:1    | Found Simiud's Weapon Shop.
 23876 | Spider:1 | Entered Level 1 of the Spider Nest
 24177 | Spider:1 | Reached skill level 5 in Armour
 24230 | Spider:1 | Noticed Donald
 24242 | Spider:1 | Killed Donald
 24700 | Spider:1 | Reached XP level 17. HP: 98/105 MP: 29/29
 24912 | Spider:1 | Found a transporter.
 24934 | Spider:1 | Found a transporter.
 24939 | Spider:1 | Noticed Monkooky's ghost (journeyman KoDe)
 25774 | Spider:2 | Reached skill level 10 in Dodging
 26407 | Spider:3 | Upgraded the game from 0.31-a0-175-g9f7f995f2b to
                  | 0.31-a0-177-g4aa6249778
 26894 | Spider:3 | Identified the +0 kite shield of Fun {rF- Will+ Int+2}
 26894 | Spider:3 | Noticed Asterion
 27229 | Spider:3 | Noticed an Executioner
 28584 | Spider:3 | Killed Asterion
 29549 | Spider:4 | Entered Level 4 of the Spider Nest
 30130 | Spider:4 | Found a runed translucent gate.
 30130 | Spider:4 | Found a runed translucent gate.
 30130 | Spider:4 | Found a runed translucent gate.
 30130 | Spider:4 | Noticed SigmundSlayer's ghost (adept DgIE)
 30741 | Spider:4 | Reached skill level 5 in Shields
 30751 | Spider:4 | Reached XP level 18. HP: 81/112 MP: 6/31
 31027 | Spider:4 | Got a gossamer rune of Zot
 31264 | Shoals:1 | Entered Level 1 of the Shoals
 31646 | Shoals:1 | Found Sifupeyg's Magic Scroll Shoppe.
 31683 | Shoals:1 | Bought a scroll of fear for 68 gold pieces
 31683 | Shoals:1 | Bought a scroll of blinking for 127 gold pieces
 31683 | Shoals:1 | Bought a scroll of blinking for 127 gold pieces
 31683 | Shoals:1 | Bought a scroll of blinking for 127 gold pieces
 32090 | Shoals:2 | Noticed Polyphemus
 32170 | Shoals:2 | Killed Polyphemus
 32524 | Shoals:2 | Found Daotap's Distillery.
 32527 | Shoals:2 | Bought a potion of haste for 170 gold pieces
 32527 | Shoals:2 | Bought a potion of magic for 136 gold pieces
 32815 | Shoals:3 | Found Xemiyta's Assorted Antiques.
 32850 | Shoals:3 | Bought a potion of haste for 280 gold pieces
 33809 | Shoals:4 | Entered Level 4 of the Shoals
 33940 | Shoals:4 | Reached XP level 19. HP: 116/116 MP: 35/35
 34352 | Shoals:4 | Got a barnacled rune of Zot
 34484 | Shoals:4 | Reached skill level 10 in Spellcasting
 34994 | Elf:1    | Entered Level 1 of the Elven Halls
 35282 | Elf:1    | Paralysed by an air elemental for 1 turns
 35636 | Elf:2    | Found a frozen archway.
 35775 | Elf:2    | Found a runed translucent gate.
 35777 | Elf:2    | Found a runed translucent gate.
 35781 | Elf:2    | Found a runed translucent gate.
 36030 | Elf:3    | Entered Level 3 of the Elven Halls
 36430 | Elf:3    | Reached XP level 20. HP: 119/121 MP: 39/39
 36611 | Elf:3    | Paralysed by an air elemental for 1 turns
 36614 | Elf:3    | Paralysed by an air elemental for 1 turns
 36994 | Elf:3    | Reached skill level 10 in Throwing
 37194 | Elf:3    | Found the +10 Black Knight's barding {ponderous, rPois rN+}
 37208 | Elf:3    | Identified the +1 arbalest of Ibeof {heavy, Fragile Int+4}
 37250 | Elf:3    | Identified the staff of Courage {*Slow rF+ rC+ SInv Ice}
 37300 | Elf:3    | Identified the +8 orcbow "Rotturhu" {speed, Will+ Int+2}
 37304 | Elf:3    | Identified the +8 shortbow "Difoigon" {elec, rPois Int+3
                  | SInv}
 37783 | Vaults:1 | Entered Level 1 of the Vaults
 38112 | Vaults:1 | Found a runed translucent gate.
 38112 | Vaults:1 | Found a runed translucent gate.
 38113 | Vaults:1 | Found a runed translucent gate.
 38114 | Vaults:1 | Noticed Yhaurph's ghost (adept MiFi)
 38114 | Vaults:1 | Identified the +1 robe of Dogmatism {rC+}
 38115 | Vaults:1 | Found an iron altar of Okawaru.
 38899 | Vaults:1 | Noticed Aizul
 38909 | Vaults:1 | Killed Aizul
 39088 | Vaults:1 | Learned a level 2 spell: Blink
 39353 | Vaults:2 | Reached skill level 1 in Translocations
 39532 | Vaults:2 | Reached XP level 21. HP: 103/126 MP: 36/42
 39786 | Vaults:2 | Found a staircase to the Crypt.
 40738 | Vaults:3 | Reached skill level 5 in Translocations
 41181 | Vaults:3 | Reached skill level 10 in Stealth
 41743 | Vaults:3 | Reached skill level 1 in Conjurations
 41840 | Vaults:3 | Noticed Margery
 41903 | Vaults:3 | Killed Margery
 42181 | Vaults:3 | Learned a level 4 spell: Iskenderun's Mystic Blast
 42975 | Vaults:4 | Reached skill level 10 in Armour
 42975 | Vaults:4 | Reached XP level 22. HP: 130/130 MP: 43/43
 43138 | Vaults:4 | Reached skill level 5 in Conjurations
 43214 | Vaults:4 | Found Medab's Assorted Antiques.
 43500 | Vaults:4 | Noticed Boris
 43517 | Vaults:4 | Killed Boris
 43543 | Vaults:4 | Noticed a golden dragon
 43579 | Vaults:4 | Killed a golden dragon
 44512 | D:3      | Killed rinse's ghost
 44919 | Spider:4 | Killed SigmundSlayer's ghost
 45493 | Elf:2    | Noticed Agnes
 45504 | Elf:2    | Killed Agnes
 46073 | Vaults:1 | Killed Yhaurph's ghost
 46316 | Vaults:5 | Entered Level 5 of the Vaults
 46521 | Vaults:4 | Learned a level 4 spell: Manifold Assault
 46917 | Vaults:4 | Reached XP level 23. HP: 133/135 MP: 44/44
 46996 | Vaults:5 | Identified the +6 battleaxe "Odiboniyna" {heavy, rPois
                  | Str+2 SInv}
 47114 | Vaults:5 | Reached skill level 15 in Spellcasting
 47368 | Vaults:5 | Got a silver rune of Zot
 47489 | Vaults:5 | Identified the ring "Afufuem" {Wiz MP+9}
 47524 | Vaults:5 | Noticed a golden dragon
 47639 | Vaults:5 | Identified the +5 scimitar of the Several Xenops {flame,
                  | rC+ Will+ Str+6 Dex-2}
 47747 | Vaults:5 | Noticed a golden dragon
 47754 | Vaults:5 | Killed a golden dragon
 47775 | Vaults:5 | Identified the +0 mace of Radicalism {holy, rElec Stlth+}
 47805 | Vaults:5 | Killed a golden dragon
 47855 | Vaults:5 | Reached skill level 10 in Translocations
 47864 | Vaults:5 | Identified the +9 dagger of the Present {spect, rPois
                  | Stlth+}
 47933 | Vaults:5 | Identified the staff of Trauma {rF+ Stlth+ Fire}
 47972 | Vaults:5 | Identified the +0 leather armour of Decompression {rF+
                  | Str-5 SInv}
 48047 | Vaults:5 | Identified the +7 shortbow of Bursting Woe {heavy, rElec
                  | rF+ Str+2 Dex+3}
 48388 | Vaults:5 | Identified the +5 hand axe of Terra Cotta {vamp, Int+6}
 48435 | Vaults:5 | Reached skill level 10 in Evocations
 48889 | Vaults:4 | Bought a spiked plate armour for 1372 gold pieces
 48889 | Vaults:4 | Identified the +7 plate armour "Kugig" {MP+9 Str+2} (You
                  | bought it in a shop on level 4 of the Vaults)
 49076 | Depths:1 | Entered Level 1 of the Depths
 49262 | Depths:1 | Found a one-way gateway to a ziggurat.
 49275 | Depths:1 | Found a one-way gate to the infinite horrors of the Abyss.
 49422 | Depths:1 | Noticed the Enchantress
 49450 | Depths:1 | Killed the Enchantress
 49479 | Depths:1 | Reached XP level 24. HP: 70/140 MP: 44/46
 49857 | Depths:1 | Found a gateway to Hell.
 49933 | Depths:1 | Paralysed by a floating eye for 4 turns
 50227 | Depths:2 | Found the +5 glaive of the Guard {elec, spectral, AC+5}
 50879 | Depths:2 | Noticed Xutext's ghost (adept DsAK)
 50879 | Depths:2 | Found a transporter.
 50879 | Depths:2 | Found a transporter.
 50917 | Depths:2 | Identified the +1 pair of gloves of Uskayaw's Favour {rElec
                  | rC+ Int+3}
 50938 | Depths:2 | Found a bloodstained altar of Trog.
 50938 | Depths:2 | Identified the Exposition on the Combined Scorpion
 51056 | Depths:2 | Found a one-way gate leading to the halls of Pandemonium.
 51057 | Depths:2 | Noticed Boris
 51072 | Depths:2 | Killed Boris
 51262 | Depths:2 | Found a portal to a secret trove of treasure.
 51884 | D:7      | Bought a scroll of enchant weapon for 90 gold pieces
 52137 | Depths:2 | You paid a toll of a +6 demon trident to enter a treasure
                  | trove
 52138 | Trove    | Entered a treasure trove
 52141 | Trove    | Identified the ring of the Saviour {rC- Will++ rCorr Str+6}
 52141 | Trove    | Identified the ring of Nuruivvi {Wiz rElec Str+5 Dex+6}
 52141 | Trove    | Identified the ring "Tiyf" {rPois rCorr Str+6}
 52141 | Trove    | Identified the ring of Cuocusoi {Contam Fly rElec rC+++
                  | EV+5}
 52141 | Trove    | Identified the ring "Feta" {rCorr MP+9 Str+6 Int+4 Dex-5}
 52142 | Trove    | Found the ring of Shadows {Umbra +Inv Stlth+}
 52142 | Trove    | Identified the ring of Tidifel {rC+ rN++}
 52143 | Trove    | Identified the ring of Maboov {rElec rPois EV+5 SInv}
 52143 | Trove    | Identified the ring of Fedhas's Castigation {rElec rC+
                  | Will+ rCorr}
 53853 | Depths:3 | Identified Sophisticated Gnosis
 54119 | Depths:4 | Entered Level 4 of the Depths
 54119 | Depths:4 | Found a blossoming altar of Fedhas.
 54131 | Depths:4 | Noticed Boris
 54142 | Depths:4 | Killed Boris
 54161 | Depths:4 | Noticed a juggernaut
 54176 | Depths:4 | Killed a juggernaut
 54177 | Depths:4 | Found Lenguill's Book Shoppe.
 54182 | Depths:4 | Paralysed by a floating eye for 2 turns
 54378 | Depths:4 | Found a gate to the Realm of Zot.
 55634 | Slime:1  | Entered Level 1 of the Pits of Slime
 55654 | Slime:1  | Reached XP level 25. HP: 134/147 MP: 43/43
 55740 | Slime:2  | Gained mutation: You are dopey. (Int -2) [a shining eye]
 55742 | Slime:2  | Gained mutation: You occasionally lose the ability to drink
                  | potions when taking damage. [a shining eye]
 55751 | Slime:2  | Gained mutation: You are vulnerable to heat. (rF-) [a
                  | shining eye]
 55756 | Slime:2  | Gained mutation: You are very dopey. (Int -4) [a shining
                  | eye]
 55772 | Slime:2  | Paralysed by a formless jellyfish for 1 turns
 56010 | Slime:4  | Gained mutation: You are frail. (-10% HP) [a shining eye]
 56023 | Slime:4  | Paralysed by a floating eye for 3 turns
 56034 | Slime:4  | Paralysed by a floating eye for 3 turns
 56054 | Slime:4  | Gained mutation: You sometimes lose the ability to drink
                  | potions when taking damage. [a shining eye]
 56398 | Slime:4  | Paralysed by a floating eye for 2 turns
 56751 | Slime:5  | Entered Level 5 of the Pits of Slime
 56801 | Slime:5  | Gained mutation: Your body sometimes deteriorates upon
                  | taking damage. [a shining eye]
 56856 | Slime:5  | Gained mutation: Your magical capacity is low. (-10% MP) [a
                  | shining eye]
 56863 | Slime:5  | Gained mutation: You are very frail. (-20% HP) [a shining
                  | eye]
 56865 | Slime:5  | Gained mutation: You passively map a small area around you.
                  | [a shining eye]
 56894 | Slime:5  | Gained mutation: Armour fits poorly on your strangely
                  | shaped body. [a shining eye]
 56930 | Slime:5  | Gained mutation: Your body often deteriorates upon taking
                  | damage. [a shining eye]
 57022 | Slime:5  | Identified the ring "Febicel" {rElec rC- Int+4 SInv}
 57024 | Slime:5  | Found a viscous altar of Jiyva.
 57100 | Slime:5  | Identified the +0 scale mail of Fallacy {rF+ Str-2 Int+2
                  | Stlth+}
 57103 | Slime:5  | Identified the +3 sling "Hydrabane" {speed, Fragile Int+5}
 57110 | Slime:5  | Noticed the Royal Jelly
 57119 | Slime:5  | Killed the Royal Jelly
 57120 | Slime:5  | Reached skill level 10 in Shields
 57195 | Slime:5  | Identified the ring "Vusorgh" {Fly rElec rN+++ Int+2
                  | Stlth-}
 57195 | Slime:5  | Identified the staff "Spiderbane" {Str+2 Conj}
 57196 | Slime:5  | Identified the +2 scale mail of Conscience {-Cast rElec
                  | rC++ Stlth+}
 57197 | Slime:5  | Identified the orb of Rioden {guile, rF+ Dex+4}
 57226 | Slime:5  | Identified the +8 shortbow "Dragon's Tongue" {heavy, Str+2}
 57228 | Slime:5  | Identified the ring "Asytuopp" {Fire rN+++ Will+++ Dex-2}
 57287 | Slime:5  | Got a slimy rune of Zot
 58056 | Crypt:1  | Entered Level 1 of the Crypt
 58189 | Crypt:1  | Noticed Saint Roka
 58237 | Crypt:1  | Killed Saint Roka
 58528 | Vaults:3 | Lost mutation: Your magical capacity is low. (-10% MP)
                  | [potion of mutation]
 58528 | Vaults:3 | Lost mutation: You are vulnerable to heat. (rF-) [potion of
                  | mutation]
 58528 | Vaults:3 | Gained mutation: You have large cloven feet. [potion of
                  | mutation]
 58641 | Vaults:5 | Lost mutation: You sometimes lose the ability to drink
                  | potions when taking damage. [potion of mutation]
 58641 | Vaults:5 | Lost mutation: Your body often deteriorates upon taking
                  | damage. [potion of mutation]
 58641 | Vaults:5 | Gained mutation: Your body often deteriorates upon taking
                  | damage. [potion of mutation]
 58641 | Vaults:5 | Gained mutation: You have an increased reservoir of magic.
                  | (+10% MP) [potion of mutation]
 58641 | Vaults:5 | Gained mutation: You are agile. (Dex +4, Str/Int -1)
                  | [potion of mutation]
 58641 | Vaults:5 | Gained mutation: You possess an exceptional clarity of
                  | mind. [potion of mutation]
 58940 | D:14     | Lost mutation: Your body often deteriorates upon taking
                  | damage. [potion of mutation]
 58940 | D:14     | Lost mutation: You have an increased reservoir of magic.
                  | (+10% MP) [potion of mutation]
 58945 | D:14     | Learned a level 3 spell: Swiftness
 58950 | D:14     | Lost mutation: Armour fits poorly on your strangely shaped
                  | body. [potion of mutation]
 58950 | D:14     | Lost mutation: You passively map a small area around you.
                  | [potion of mutation]
 58950 | D:14     | Lost mutation: You occasionally lose the ability to drink
                  | potions when taking damage. [potion of mutation]
 58950 | D:14     | Gained mutation: Your flesh is heat resistant. (rF+)
                  | [potion of mutation]
 58950 | D:14     | Lost mutation: You are very frail. (-20% HP) [potion of
                  | mutation]
 59199 | Crypt:1  | Noticed Sojobo
 59233 | Crypt:1  | Reached skill level 1 in Air Magic
 59238 | Crypt:1  | Paralysed by an air elemental for 1 turns
 59244 | Crypt:1  | Paralysed by an air elemental for 1 turns
 59253 | Crypt:1  | Killed Sojobo
 59283 | Crypt:1  | Noticed Boris
 59295 | Crypt:1  | Killed Boris
 60730 | Crypt:2  | Reached skill level 5 in Air Magic
 60909 | Crypt:2  | Reached XP level 26. HP: 135/135 MP: 43/43
 61282 | Crypt:3  | Entered Level 3 of the Crypt
 61560 | Crypt:3  | Found a basalt altar of Yredelemnul.
 62068 | Crypt:3  | Identified the +0 robe of Suutz {Rampage Regen+ Str+7
                  | Dex-2}
 62068 | Crypt:3  | Noticed Khufu
 62085 | Crypt:3  | Killed Khufu
 62088 | Crypt:3  | Found a staircase to the Tomb.
 62116 | Crypt:3  | Reached skill level 10 in Air Magic
 62116 | Crypt:3  | Reached XP level 27. HP: 133/133 MP: 43/43
 62204 | Crypt:3  | Learned a level 5 spell: Arcjolt
 62305 | Crypt:3  | Identified the +6 chain mail of Terror {Regen+ Int+2
                  | Slay+2}
 62306 | Crypt:3  | Identified the staff "Ziyvagu" {+Blink rC+ MP-9 Str+5 Fire
                  | Ice}
 62417 | Crypt:3  | Reached skill level 10 in Conjurations
 63145 | Zot:1    | Entered Level 1 of the Realm of Zot
 64358 | Zot:1    | Found a huge runed gate.
 64358 | Zot:1    | Found a huge runed gate.
 64358 | Zot:1    | Found a huge runed gate.
 64358 | Zot:1    | Found a huge runed gate.
 64360 | Zot:1    | Found a huge runed gate.
 64360 | Zot:1    | Found a huge runed gate.
 64360 | Zot:1    | Found a huge runed gate.
 64361 | Zot:1    | Found a huge runed gate.
 64362 | Zot:1    | Found a huge runed gate.
 64362 | Zot:1    | Found a huge runed gate.
 64367 | Zot:1    | Found a huge runed gate.
 64367 | Zot:1    | Found a huge runed gate.
 64367 | Zot:1    | Found a huge runed gate.
 64367 | Zot:1    | Found a huge runed gate.
 64392 | Zot:1    | Found a huge runed gate.
 64456 | Zot:1    | Found a huge runed gate.
 64456 | Zot:1    | Found a huge runed gate.
 64466 | Zot:1    | Found a huge runed gate.
 64473 | Zot:1    | Found a huge runed gate.
 64698 | Zot:1    | Found a huge runed gate.
 64698 | Zot:1    | Found a huge runed gate.
 64698 | Zot:1    | Found a huge runed gate.
 64698 | Zot:1    | Found a huge runed gate.
 64698 | Zot:1    | Found a huge runed gate.
 64698 | Zot:1    | Found a huge runed gate.
 64699 | Zot:1    | Found a huge runed gate.
 64700 | Zot:1    | Found a huge runed gate.
 64701 | Zot:1    | Found a huge runed gate.
 64709 | Zot:1    | Found a huge runed gate.
 64709 | Zot:1    | Found a huge runed gate.
 64709 | Zot:1    | Found a huge runed gate.
 64709 | Zot:1    | Found a huge runed gate.
 64709 | Zot:1    | Found a huge runed gate.
 64709 | Zot:1    | Found a huge runed gate.
 64710 | Zot:1    | Found a huge runed gate.
 64711 | Zot:1    | Found a huge runed gate.
 65987 | Zot:2    | Reached skill level 15 in Air Magic
 66151 | Zot:2    | Noticed Vv
 66167 | Zot:2    | Killed Vv
 66168 | Zot:2    | Reached skill level 15 in Throwing
 69975 | Hell     | Entered the Vestibule of Hell
 69975 | Hell     | Noticed Geryon
 72121 | Hell     | Killed Geryon
 73337 | Hell     | Found a gateway to the Iron City of Dis.
 73404 | Hell     | Found a gateway to the decaying netherworld of Tartarus.
 73486 | Hell     | Found a gateway to the freezing wastes of Cocytus.
 73516 | Hell     | Learned a level 4 spell: Airstrike
 73610 | Hell     | Found a gateway to the ashen valley of Gehenna.
 73833 | Zig:1    | Entered Level 1 of a ziggurat
 73851 | Zig:2    | Entered Level 2 of a ziggurat
 73870 | Zig:3    | Entered Level 3 of a ziggurat
 73871 | Zig:3    | Identified the staff of Fortitude {Int+5 Earth}
 74095 | Zig:4    | Entered Level 4 of a ziggurat
 74098 | Zig:4    | Identified Sofewk's Directory of Gathered Position
 74138 | Zig:5    | Entered Level 5 of a ziggurat
 74361 | Zig:6    | Entered Level 6 of a ziggurat
 74365 | Zig:6    | Identified the staff "Eqesof" {rElec Str+7 Dex-2 Air}
 74660 | Zig:7    | Entered Level 7 of a ziggurat
 74666 | Zig:7    | Noticed Hygrotik the pandemonium lord
 74666 | Zig:7    | Identified the ring of the Ancients {Will+ EV+5 Str+3}
 74717 | Zig:7    | Demolished by Hygrotik the pandemonium lord

Illustrated notes

Levels and vault maps discovered:
D:1:      wander_arrival_chamber, layout_loops_ring
D:2:      layout_rooms, basic_altar, uniq_sigmund
D:3:      layout_loops_ring, ebering_ghost_sewer_f,
          shapermc_ecumenical_altar_acropolis, minmay_checkerbox
D:4:      layout_loops_cross, mainiacjoe_overflow_large_starburst,
          minmay_misc_feat_tiny, chequers_garden
D:5:      layout_loops_corners, minmay_temple_entry_overgrown,
          grunt_ministairs_8, uniq_crazy_yiuf_cottage
D:6:      lemuel_castle_with_subvaults [lemuel_castle_interior_original],
          layout_rooms, marbit_many_paths
D:7:      layout_basic, serial_shops, shop, shop, minmay_stone_trees_small,
          minmay_fountain_box
D:8:      gammafunk_cloud_chamber, layout_loops_cross, minmay_diamond_spiral,
          uniq_grum, uniq_erica
D:9:      layout_stronghold, erik_lair_orcish_takeover, dk_noncrumbling_4
D:10:     layout_irregular_city, uniq_lodul
D:11:     layout_basic, minivault_25_ag, uniq_harold, uniq_nergalle
D:12:     layout_loops_ring, kennysheep_orc_monster_closet_entryway
D:13:     layout_gridville, erik_vaults_2
D:14:     layout_rooms, nicolae_triple_integral, uniq_kirke
D:15:     hangedman_spin_cycle
Temple:   hellmonk_temple_divided_pantheon
Lair:1:   layout_loops_ring, nicolae_lair_grove_arrangements, minivault_27,
          cheibrodos_lair_caveside_slide, infiniplex_staircase_pool_2
Lair:2:   layout_layer_cave, elwin_shoals_entry_rocks
Lair:3:   layout_long_grid, hellmonk_spider_entry_not_the_bees, st_stairs_4,
          uniq_rupert
Lair:4:   layout_loops_ring
Lair:5:   evilmike_catoblepas_cave, layout_regular_city, slime_entry_2,
          serial_bayou_shore_b
Shoals:1: layout_shoals, serial_shops, nicolae_square_shop
Shoals:2: layout_shoals, nicolae_shoals_c_island, uniq_polyphemus
Shoals:3: layout_shoals, serial_shops, nicolae_shop_tiny_glass
Shoals:4: shoals_end_hangedman, layout_shoals
Spider:1: layout_chambers, gammafunk_ghost_mausoleum, uniq_donald
Spider:2: layout_spider_delve, guppyfry_hornet_nest
Spider:3: layout_cave_pods, hangedman_spider_tarantella_strand, uniq_asterion
Spider:4: grunt_spider_rune_island, ebering_ghost_rock_garden,
          spiders_nest_hornet_nest
Slime:1:  layout_caves
Slime:2:  layout_caves
Slime:3:  layout_caves
Slime:4:  layout_caves, nicolae_slime_getting_an_eyeful
Slime:5
Orc:1:    layout_caves, serial_shops, shop, nicolae_shop_peninsula, shop_coins,
          nicolae_shop_just_a_little_nook, statue_in_the_mist_lemuel
Orc:2:    st_orc_elflike, layout_caves, basic_altar, nicolae_shop_gadgets
Elf:1:    layout_geoelf_octagon, minmay_elf_crystal_hexagon,
          minmay_crystal_room, grunt_ministairs_15, nicolae_elf_v_pinch
Elf:2:    elven_hall_of_blades_hangedman_original
          [nicolae_vaults_blade_armed_guards], layout_geoelf_diagonals,
          portal_ice_cave_entry_ice_statue_two, uniq_agnes
Elf:3:    elf_hall, layout_onion_city
Vaults:1: gammafunk_ghost_fury_of_okawaru, nicolae_vaults_offset_grid_hallway_4,
          st_more_cells, ontoclasm_vaults_ring_large, dpeg_vaults_monster_box,
          nicolae_vaults_closet_pinwheel_1, layout_vaults_chaotic_city,
          uniq_aizul
Vaults:2: nicolae_vaults_apartment_1, nicolae_vaults_ring_of_whatevers,
          vaults_dpeg_ring, serial_ice_g, vaults_room_stairs_pillars, v_misc_22,
          vaults_mumra_chevron, blue_anna_dwarven_crypt, v_misc_5,
          hangedman_vaults_unwind, nicolae_vaults_little_squares_1,
          nicolae_vaults_little_squares_4, v_alt_pattern_6, v_misc_2,
          nicolae_vaults_heart-shaped_vault, nicolae_vaults_wine_cellar,
          layout_vaults_omnibox
Vaults:3: hangedman_vaults_corner, hangedman_vaults_stream,
          nicolae_vaults_oval_intersection, ontoclasm_vaults_chip,
          nicolae_vaults_mini_display_case, nicolae_vaults_border_crossing,
          nicolae_vaults_yaktaur_gun_rack, nicolae_vaults_tetromino_Z_1,
          nicolae_vaults_variable_pillar_hall, layout_vaults_omnigrid,
          uniq_margery
Vaults:4: nicolae_vaults_puzzle_piece, hangedman_vaults_maws,
          nicolae_vaults_big_angled_halls, vaults_mumra_minichess_inversion,
          nicolae_vaults_little_squares_5, v_rooms_5,
          nicolae_vaults_frosty_reception, nicolae_vaults_trapezoid_layered,
          nicolae_vaults_ellipses_ellipsis, nicolae_vaults_asterisk,
          dpeg_vaults_waves, layout_vaults_maze, serial_shops, shop, uniq_boris
Vaults:5
Crypt:1:  layout_chaotic_city, grunt_crypt_arrival_split, uniq_saint_roka,
          uniq_sojobo
Crypt:2:  layout_regular_city, mu_enter_wizlab_5, st_stairs_4
Crypt:3:  grunt_crypt_end_deaths_head
Depths:1: layout_honeycomb, enter_ziggurat_b, abyss_entry, hell_entry,
          kennysheep_flooded_box, serial_sigils, serial_sigils_hangedman_etch,
          serial_sigils_hangedman_writhe, serial_sigils_hangedman_gnaw,
          serial_sigils_hangedman_scratch, serial_sigils_hangedman_carve,
          serial_sigils_hangedman_confine, st_stairs_5, uniq_enchantress
Depths:2: minmay_guarded_unrand_guard, layout_honeycomb, rand_demon_pan_entry_3,
          hell_entry, bloody_trog, gammafunk_ghost_arena,
          nicolae_trove_entry_crossroad, abyss_entry,
          minmay_staircase_windowed_small, serial_bayou_shore_b,
          serial_bayou_shore_b
Depths:3: minmay_haunted_quarter, layout_gridlike, pan_entry, hell_entry,
          infiniplex_staircase_pool_lava, abyss_entry, kennysheep_random_hallway
Depths:4: grunt_zot_entry_bicorn, layout_cave_pools, hell_entry, serial_shops,
          shop_fountains, fedhas_altar_3
Hell
Zot:1:    kennysheep_ambush_hall, layout_gridlike, not_door_vault_due
Zot:2:    kennysheep_six_static_rooms, layout_gridlike, uniq_vv
Zot:3:    layout_misc_corridors, grunt_megastairs_3
Zot:4:    layout_cellular_growth, st_stairs_3, lemuel_elevator,
          grunt_megastairs_4
Zig:7

Skill      XL: |  1  2  3  4  5  6  7  8  9 10 11 12 13 14 15 16 17 18 19 20 21 22 23 24 25 26 27 |
---------------+----------------------------------------------------------------------------------+-----
Fighting       | 2 3 4 5 7 9 10 12 13 14 16 17 19 | 19.9
Unarmed Combat | 4 5 6 8 10 12 13 15 18 19 | 19.6
Stealth        | 3 6 7 9 11 | 11.8
Dodging        | 4 9 13 | 13.2
Spellcasting   | 2 5 6 9 12 13 14 15 | 15.9
Armour         | 3 5 7 10 11 12 | 12.9
Throwing       | 3 5 6 8 9 13 16 | 16.0
Shields        | 2 4 5 6 8 10 | 10.8
Evocations     | 2 5 7 10 11 | 11.0
Translocations | 3 5 9 11 13 | 13.8
Conjurations   | 4 9 12 | 12.8
Air Magic      | 5 10 19 | 19.0

Action                     |  1- 3 |  4- 6 |  7- 9 | 10-12 | 13-15 | 16-18 | 19-21 | 22-24 | 25-27 || total
---------------------------+-------+-------+-------+-------+-------+-------+-------+-------+-------++-------
  Melee: Unarmed           |   104 |   108 |   317 |   550 |   902 |  1476 |  1453 |  1592 |  2328 ||  8830
         Punch             |     2 |       |       |       |       |       |       |       |       ||     2
         Bite              |    24 |    22 |   108 |   187 |   384 |   575 |   665 |   785 |  1201 ||  3951
  Throw: Throwing net      |       |     3 |     2 |       |     1 |     1 |     1 |     1 |     2 ||    11
         Javelin           |       |     2 |     2 |       |     2 |     1 |     5 |    16 |    16 ||    44
         Dart              |       |       |     2 |       |     4 |       |       |       |       ||     6
         Boomerang         |       |       |       |       |       |    19 |    46 |    12 |    51 ||   128
   Cast: Iskenderun's Myst |       |       |       |       |       |       |       |     4 |     3 ||     7
         Manifold Assault  |       |       |       |       |       |       |       |     5 |       ||     5
         Blink             |       |       |       |       |       |       |       |     2 |     2 ||     4
         Arcjolt           |       |       |       |       |       |       |       |       |     4 ||     4
 Invoke: Curse Item        |       |       |       |     8 |       |     5 |     1 |     1 |     1 ||    16
         Shatter the Chain |       |       |       |       |     1 |     3 |     1 |     1 |     1 ||     7
  Evoke: Wand              |       |       |     3 |       |     2 |     9 |    18 |    19 |    19 ||    70
         Tin of tremorston |       |       |       |       |     2 |     2 |     2 |     2 |     2 ||    10
         Box of beasts     |       |       |       |       |     1 |     1 |       |       |       ||     2
         Lightning rod     |       |       |       |       |       |     2 |     7 |     8 |     1 ||    18
         Phantom mirror    |       |       |       |       |       |       |       |     2 |     1 ||     3
    Use: Scroll            |       |       |     2 |     1 |     3 |     8 |     3 |    12 |     9 ||    38
         Potion            |       |       |       |       |     1 |     3 |     3 |     5 |    13 ||    25
   Stab: Sleeping          |     2 |       |       |    12 |    22 |     7 |     5 |     3 |     5 ||    56
         Held in net/web   |       |       |     3 |       |       |       |     1 |       |     4 ||     8
         Distracted        |       |       |       |       |     1 |       |     1 |     5 |     4 ||    11
         Petrified         |       |       |       |       |     2 |     1 |       |       |       ||     3
 Armour: Leather armour    |    25 |       |       |       |       |       |       |       |       ||    25
         Ring mail         |    10 |    29 |   120 |    87 |       |       |       |       |       ||   246
         Steam dragon scal |       |       |       |    49 |   242 |    85 |       |       |       ||   376
         Plate armour      |       |       |       |       |       |   655 |   493 |   659 |   909 ||  2716
  Dodge: Dodged            |    45 |    57 |   152 |   213 |   431 |   709 |   595 |   573 |  1002 ||  3777
  Block: Buckler           |     8 |    10 |    38 |    72 |   131 |   127 |       |       |       ||   386
         Kite shield       |       |       |       |       |       |   786 |   859 |   944 |  1608 ||  4197
         Reflection        |       |       |       |       |       |    29 |    77 |    28 |    18 ||   152

Table legend: (Time is in decaauts)
 A = Elapsed time spent in this place.
 B = Non-inter-level travel time spent in this place.
 C = Inter-level travel time spent in this place.
 D = Time resting spent in this place.
 E = Time spent auto-exploring this place.
 F = Levels seen in this place.
 G = Mean time per level.
                   A        B        C        D        E       F      G
               +--------+--------+--------+--------+--------+-----+--------+
         Total |  72085 |  63330 |   8755 |  18369 |  27000 |  64 | 1126.3 |
       Dungeon |  16928 |  13484 |   3444 |   1661 |   8296 |  15 | 1128.5 |
        Temple |     40 |     40 |      0 |      0 |      0 |   1 |   40.0 |
          Lair |   8095 |   6537 |   1558 |   1752 |   3048 |   5 | 1619.0 |
        Shoals |   3733 |   3359 |    374 |    558 |   1576 |   4 |  933.2 |
   Spider Nest |   6467 |   6067 |    400 |   2451 |   2113 |   4 | 1616.8 |
    Slime Pits |   1792 |   1749 |     43 |    580 |    149 |   5 |  358.4 |
  Orcish Mines |   2492 |   2051 |    441 |    792 |    938 |   2 | 1246.0 |
   Elven Halls |   3011 |   2798 |    213 |    207 |   1228 |   3 | 1003.7 |
        Vaults |   9700 |   8374 |   1326 |   2076 |   3757 |   5 | 1940.0 |
         Crypt |   3823 |   3639 |    184 |   1030 |   1431 |   3 | 1274.3 |
        Depths |   8180 |   7727 |    453 |   4224 |   2286 |   4 | 2045.0 |
          Hell |    619 |    599 |     20 |     43 |    262 |   1 |  619.0 |
           Zot |   6281 |   5988 |    293 |   2382 |   1914 |   4 | 1570.2 |
      Ziggurat |    825 |    825 |      0 |    611 |      0 |   7 |  117.9 |
         Trove |     92 |     92 |      0 |      0 |      0 |   1 |   92.0 |
               +--------+--------+--------+--------+--------+-----+--------+

Top non-repeatable levels by time:
Depths:4: 4400 daAuts
Spider:2: 2664 daAuts
Vaults:3: 2362 daAuts
   Zot:2: 2238 daAuts
  Lair:5: 2099 daAuts
Vaults:1: 2051 daAuts
   Zot:1: 1836 daAuts
Vaults:4: 1796 daAuts
     D:6: 1768 daAuts
Vaults:5: 1751 daAuts
Vaults:2: 1738 daAuts
    D:15: 1688 daAuts
  Lair:2: 1674 daAuts
   Orc:2: 1664 daAuts
 Crypt:1: 1658 daAuts
